 Dungeon Crawl Stone Soup version 0.30-a0-879-ga8ba668304 (webtiles) character file.

Game seed: 16610220338712655228

755222 cforsyth the Invulnerable (level 27, -4/1 (224) HPs)
             Began as a Barachi Fighter on Mar 12, 2023.
             Was the Champion of Cheibriados.
             Killed from afar by a balrug (5 damage)
             ... with a fireball
             ... on level 6 of Gehenna.
             The game lasted 03:00:21 (110472 turns).

cforsyth the Invulnerable (Barachi Fighter)       Turns: 110472, Time: 03:00:21

HP:   -4/1 (224)    AC: 48    Str: 36 (45) XL:     27
MP:   27/35         EV: 20    Int: 29 (32) God:    Cheibriados [******]
Gold: 3876          SH: 34    Dex: 28      Spells: 42/61 levels left

rFire   + + .      SeeInvis .    H - +9 broad axe (flame)
rCold   + . .      Faith    .    S - +18 shield of the Gong {Loud rN+ Will+ rCorr EV-5}
rNeg    + + .      Spirit   .    a - +12 gold dragon scales
rPois   +          Reflect  .    r - +0 helmet
rElec   +          Rampage  .    n - +1 cloak of Starlight {*Dazzle EV+4 Stlth--}
rCorr   +                        v - +3 pair of gloves of the Shrinking Gods {Str+4}
Will    ++++.                    K - +2 pair of boots Stlth
                                 y - amulet "Byirruuch" {rElec Will+ Regen+}
HPRegen 1.80/turn                Y - ring of Boeschui {Fire rElec Dex+2}
MPRegen 0.24/turn                A - ring of Qoump {rC+ rN+}

@: studying 2 skills, extremely drained, unable to read, very slow
A: amphibious, slowness 1, strong legs 2, +LOS, deformed body, deterioration 1,
frail 1, low MP 2, regeneration 1, screaming 1, shaggy fur 1, strong 1
}: 5/15 runes: decaying, slimy, silver, icy, gossamer
a: Hop, Renounce Religion, Bend Time, Temporal Distortion, Slouch, Step From
Time


You were on level 6 of Gehenna.
You worshipped Cheibriados.
Cheibriados was exalted by your worship.
You visited 15 branches of the dungeon, and saw 69 of its levels.
You visited 1 bazaar.
You also visited: Sewer, Ice Cave and Desolation.

You collected 9878 gold pieces.
You spent 6002 gold pieces at shops.

Inventory:

Hand Weapons
 b - a +3 broad axe
 H - a +9 broad axe of flaming (weapon)
Armour
 a - +12 gold dragon scales (worn)
 n - the +1 cloak of Starlight (worn) {*Dazzle EV+4 Stlth--}
   (You bought it in a shop on level 1 of the Elven Halls)

   *Dazzle:   It may blind those who miss an attack against the wearer in melee
   combat.
   EV:        It affects your evasion (+4).
   Stlth:     It makes you much less stealthy.
 r - a +0 helmet (worn)
 v - the +3 pair of gloves of the Shrinking Gods (worn) {Str+4}
   (You acquired it on level 11 of the Dungeon)

   Str:       It affects your strength (+4).
 K - a +2 pair of boots (worn)
 S - the +18 shield of the Gong (worn) {Loud rN+ Will+ rCorr EV-5}
   (You acquired it on level 1 of the Elven Halls)

   Loud:      It is deafeningly noisy when blocking attacks.
   EV:        It affects your evasion (-5).
   rN:        It protects you from negative energy.
   rCorr:     It protects you from acid and corrosion.
   Will:      It increases your willpower.
Jewellery
 s - an amulet of magic regeneration
 x - the amulet of Foolhardiness {Spirit rElec rCorr}
   (You found it on level 5 of the Pits of Slime)

   [amulet of guardian spirit]

   It causes incoming damage to be divided between your reserves of health and
   magic.
   rElec:     It insulates you from electricity.
   rCorr:     It protects you from acid and corrosion.
 y - the amulet "Byirruuch" (around neck) {rElec Will+ Regen+}
   (You found it on level 5 of the Pits of Slime)

   [amulet of regeneration]

   rElec:     It insulates you from electricity.
   Regen:     It increases your rate of health regeneration.
   Will:      It increases your willpower.
 A - the ring of Qoump (right hand) {rC+ rN+}
   (You found it in the Desolation of Salt)

   [ring of positive energy]

   rC:        It protects you from cold.
   rN:        It protects you from negative energy.
 D - the necklace of Bloodlust {Fury *Rage Will++ Int-3 Slay+6}
   (You bought it in a shop on level 3 of the Depths)

   [amulet of nothing]

   Fury:      It extends the wearer's berserk rage when killing foes.
   Int:       It affects your intelligence (-3).
   Slay:      It affects your accuracy & damage with ranged weapons and melee
   (+6).
   *Rage:     It berserks you when you make melee attacks (+50% chance).
   Will:      It greatly increases your willpower.
 F - a ring of wizardry
 I - the ring "Ybos Oso" {rPois Will+}
   (You acquired it on level 5 of the Lair of Beasts)

   [ring of poison resistance]

   rPois:     It protects you from poison.
   Will:      It increases your willpower.
 L - the macabre finger necklace {Finger+ rN+}
   (You took it off a deep elf sorcerer on level 3 of the Elven Halls)

   [amulet of nothing]

   Finger+:   It enables you to equip an extra ring.
   rN:        It protects you from negative energy.
 R - a ring of see invisible
 U - a ring of flight
 W - a ring of positive energy
 Y - the ring of Boeschui (left hand) {Fire rElec Dex+2}
   (You found it in an ice cave)

   [ring of fire]

   It enhances your fire magic.
   Dex:       It affects your dexterity (+2).
   rF:        It protects you from fire.
   rC:        It makes you vulnerable to cold.
   rElec:     It insulates you from electricity.
Wands
 h - a wand of light (25)
 C - a wand of charming (61)
 J - a wand of roots (41)
 N - a wand of polymorph (24)
 Q - a wand of digging (13)
 T - a wand of mindburst (31)
Scrolls
 d - 15 scrolls of vulnerability
 i - 9 scrolls of fear
 l - 2 scrolls of butterflies
 o - 23 scrolls of teleportation
 q - 9 scrolls of magic mapping
 t - 3 scrolls of amnesia
 u - 6 scrolls of blinking
 w - 9 scrolls of fog
 E - 12 scrolls of poison
 G - a scroll of silence
 X - a scroll of enchant weapon
Potions
 c - 2 potions of magic
 e - 11 potions of brilliance
 f - 8 potions of flight
 g - 19 potions of curing
 j - a potion of berserk rage
 k - 8 potions of heal wounds
 m - 3 potions of mutation
 p - 14 potions of lignification
 z - 18 potions of attraction
 M - 5 potions of invisibility
 O - 5 potions of cancellation
 P - 4 potions of might
 V - 9 potions of ambrosia
 Z - 5 potions of resistance


   Skills:
 O Level 27 Fighting
 + Level 25.5 Axes
 O Level 27 Armour
 - Level 16.2 Dodging
 - Level 14.0 Shields
 - Level 17.7 Spellcasting
 - Level 12.9 Hexes
 + Level 13.8 Necromancy
 - Level 15.1 Translocations
 + Level 16.3 Transmutations
 - Level 16.0 Ice Magic
 + Level 7.7 Invocations


You had 42 spell levels left.
You knew the following spells:

 Your Spells              Type           Power      Damage    Failure   Level
a - Manifold Assault      Tloc           85%        N/A       1%          4
b - Metabolic Englaciati  Hex/Ice        41%        N/A       1%          5
c - Ozocubu's Refrigerat  Ice            43%        4d17      16%         7
d - Ozocubu's Armour      Ice            87%        N/A       1%          3

Your spell library contained the following spells:

 Spells                   Type           Power      Damage    Failure   Level
 Apportation              Tloc           100%       N/A       1%          1
 Necrotise                Necr           100%       1d9       1%          1
 Sting                    Tmut/Pois      100%       1d8       1%          1
 Ensorcelled Hibernation  Hex/Ice        100%       N/A       1%          2
 Passwall                 Tmut/Erth      53%        N/A       1%          2
 Confusing Touch          Hex            79%        N/A       1%          3
 Gell's Gravitas          Tloc           85%        N/A       1%          3
 Hailstorm                Conj/Ice       64%        3d14      1%          3
 Spider Form              Tmut/Pois      64%        N/A       1%          3
 Teleport Other           Tloc           85%        N/A       1%          3
 Vampiric Draining        Necr           82%        2d11      1%          3
 Vhi's Electric Charge    Tloc/Air       100%       N/A       1%          3
 Anguish                  Hex/Necr       40%        N/A       1%          4
 Animate Dead             Necr           82%        N/A       1%          4
 Cause Fear               Hex            39%        N/A       1%          4
 Dispel Undead            Necr           82%        3d27      1%          4
 Ice Form                 Ice/Tmut       88%        N/A       1%          4
 Agony                    Necr           82%        N/A       1%          5
 Blade Hands              Tmut           44%        N/A       1%          5
 Dazzling Flash           Conj/Hex       100%       N/A       2%          3
 Inner Flame              Hex/Fire       76%        N/A       2%          3
 Summon Guardian Golem    Hex/Summ       58%        N/A       2%          3
 Cigotuvi's Dreadful Rot  Necr/Pois/Air  100%       N/A       3%          2
 Dispersal                Tloc           42%        N/A       3%          6
 Ignite Poison            Fire/Tmut/Pois 72%        N/A       4%          3
 Kindle Blastsparks       Fire/Tloc/Air  100%       2d18      4%          3
 Petrify                  Tmut/Erth      64%        N/A       4%          4
 Summon Ice Beast         Ice/Summ       64%        N/A       4%          4
 Simulacrum               Ice/Necr       42%        N/A       4%          6
 Iskenderun's Mystic Bla  Conj/Tloc      62%        2d13      5%          4
 Death Channel            Necr           41%        N/A       7%          6
 Fulminant Prism          Conj/Hex       29%        3d14      9%          4
 Leda's Liquefaction      Hex/Erth       29%        N/A       9%          4
 Sandblast                Erth           50%        2d12      13%         1
 Summon Small Mammal      Summ           100%       N/A       13%         1
 Alistair's Intoxication  Tmut/Pois      42%        N/A       13%         5
 Irradiate                Conj/Tmut      32%        3d22      13%         5
 Dragon Form              Tmut           44%        N/A       14%         7
 Summon Forest            Summ/Tloc      31%        N/A       16%         5
 Call Imp                 Summ           25%        N/A       19%         2
 Poisonous Vapours        Pois/Air       50%        N/A       19%         2
 Scorch                   Fire           76%        2d9       19%         2
 Static Discharge         Conj/Air       50%        2-5/arc   19%         2
 Borgnjor's Vile Clutch   Necr/Erth      30%        N/A       21%         5
 Silence                  Hex/Air        29%        N/A       26%         5
 Summon Mana Viper        Hex/Summ       58%        N/A       26%         5
 Call Canine Familiar     Summ           25%        N/A       36%         3
 Mephitic Cloud           Conj/Pois/Air  25%        N/A       36%         3
 Stone Arrow              Conj/Erth      50%        3d10      36%         3
 Freezing Cloud           Conj/Ice/Air   27%        6-21      36%         5
 Enfeeble                 Hex            39%        N/A       47%         7
 Eringya's Noxious Bog    Tmut/Pois      32%        N/A       56%         6
 Statue Form              Tmut/Erth      42%        N/A       56%         6
 Animate Armour           Summ/Erth      50%        N/A       77%         4
 Flame Wave               Conj/Fire      38%        2d10      77%         4
 Olgreb's Toxic Radiance  Pois           25%        N/A       77%         4
 Sticky Flame             Conj/Fire      38%        2d6       77%         4
 Summon Lightning Spire   Summ/Air       25%        N/A       77%         4
 Disjunction              Tloc           42%        N/A       86%         8
 Necromutation            Tmut/Necr      42%        N/A       86%         8
 Borgnjor's Revivificati  Necr           41%        N/A       96%         8
 Arcjolt                  Conj/Air       12%        1d22      98%         5
 Iskenderun's Battlesphe  Conj           25%        2d8       98%         5
 Lee's Rapid Deconstruct  Erth           12%        3d9*      98%         5
 Lightning Bolt           Conj/Air       12%        1d26      98%         5
 Haunt                    Necr/Summ      30%        N/A       99%         7
 Malign Gateway           Summ/Tloc      31%        N/A       99%         7
 Discord                  Hex            39%        N/A       99%         8
 Conjure Ball Lightning   Conj/Air       12%        3x3d6     100%        6
 Iron Shot                Conj/Erth      12%        9d3       100%        6
 Starburst                Conj/Fire      19%        6d7       100%        6
 Summon Cactus Giant      Summ           12%        N/A       100%        6
 Monstrous Menagerie      Summ           12%        N/A       100%        7
 Spellforged Servitor     Conj/Summ      12%        N/A       100%        7
 Ignition                 Fire           19%        3d7       100%        8
 Lehudib's Crystal Spear  Conj/Erth      12%        10d4      100%        8
 Death's Door             Necr           41%        N/A       100%        9
 Fire Storm               Conj/Fire      19%        8d5       100%        9


Dungeon Overview and Level Annotations

Branches:
Dungeon (15/15)            Temple (1/1) D:6            Lair (5/5) D:9
  Swamp (4/4) Lair:2       Spider (4/4) Lair:2        Slime (5/5) Lair:4
    Orc (2/2) D:9             Elf (3/3) Orc:2        Vaults (5/5) D:13
  Crypt (3/3) Vaults:2       Tomb (0/3) Crypt:3      Depths (4/4) D:15
   Hell (visited)             Dis (0/7) Hell            Geh (6/7) Hell
    Coc (7/7) Hell            Tar (0/7) Hell            Zot (4/5) Depths:4
  Sewer (visited)           IceCv (visited)         Desolation (visited)

Altars:
Cheibriados
Dithmenos
Elyvilon
Gozag
Hepliaklqana
Kikubaaqudgha
Okawaru
Qazlal
Ru
Trog
Uskayaw
Vehumet
Xom
Zin
The Shining One
Jiyva

Shops:
D:10 (*?=   Orc:2 (:[**   Elf:1 (?[!   Vaults:5 *   Depths:1 [?(:
Depths:3 ==:   Depths:4 ?

Portals:
Hell: Depths:1 Depths:2 Depths:3 Depths:4
Abyss: Depths:1 Depths:4
Pandemonium: Depths:2
Ziggurat: Depths:3
Trove: Elf:3 (give horn of Geryon)

Annotations:
Zot:3 1 transporter


Innate Abilities, Weirdness & Mutations

You are amphibious.
You cover ground slowly.
You can hop long distances.
You have an extended range of vision and can be seen from far away.
Armour fits poorly on your strangely shaped body.
Your body sometimes deteriorates upon taking damage.
You are frail. (-10% HP)
Your magical capacity is very low. (-20% MP)
Your natural rate of healing is unusually fast.
You occasionally shout uncontrollably at your foes.
You are covered in fur. (AC +1)
Your muscles are strong. (Str +4, Int/Dex -1)


Message History

(H) Hell (I) Dis (G) Gehenna (X) Cocytus (Y) Tartarus (Z) Zot
Where to? (Enter - Geh:4, ? - help)
There is an open door here.
There is an open door here.
There is a stone staircase leading down here.
You climb downwards.
You sense something behind you... but there's nothing there.
HP restored.
You feel drained.
There is a gateway leading out of Gehenna, spattered with blood here.
(D) Dungeon (T) Temple (L) Lair (S) Swamp (N) Spider Nest (M) Slime Pits (O) Orcish Mines (E) Elven Halls (V) Vaults (C) Crypt (W) Tomb (U) Depths (H) Hell (I) Dis (G) Gehenna (X) Cocytus (Y) Tartarus (Z) Zot
Where to? (Enter - Geh:5, ? - help)
There is an open door, spattered with blood here.
There is an open door here.
There is a stone staircase leading down here.
You climb downwards.
You shudder with dread.
HP restored.
You feel drained.
The balrug enters a dispersal trap!
The hellephant blinks!
The fire giant blinks!
You blink.
The balrug blinks!
You block the fire giant's attack.
BONNNG!
The balrug misses you.
Space momentarily warps into an impossible shape!
You hit the hellephant. You burn the hellephant. You hit the balrug.
You carve the fire giant like a ham!!! You burn the fire giant.
You block the balrug's attack.
PANG!
You block the fire giant's attack.
GONNNNG!
The hellephant blinks!
Space momentarily warps into an impossible shape!
You hit the balrug. You slice the fire giant!! You burn the fire giant.
The balrug gestures at you.
The fireball explodes!
The fireball engulfs you. You resist.
Ouch! That really hurt!
You die...

...........≈.§...
..........≈≈§≈...
..........≈≈≈≈....
........§≈≈≈.≈≈...
..≈≈≈.≈§.≈≈≈......
≈≈≈§≈≈...≈.......
.≈≈≈≈§.§§§§....§.
#≈≈≈≈2§C§......
#..§@§.......
#...§.§...)..
##>∩....§....
#...........
+...........
#...........
............
#.......)....
.............


You could see a fire giant and a balrug.

Vanquished Creatures
  Antaeus (Coc:7)
  the Royal Jelly (Slime:5)
  3 dread liches
  5 ancient liches
  2 orbs of fire (Zot:4)
  Mara (Spider:4)
  Saint Roka (Vaults:2)
  A Killer Klown (Zot:4)
  Frederick (Crypt:1)
  Geryon (Hell)
  15 shard shrikes
  Bai Suzhen (Spider:4)
  2 caustic shrikes (Depths:3)
  9 golden dragons
  Xtahua (Vaults:4)
  Nikola (Spider:4)
  Jory (Crypt:1)
  Arachne (Spider:4)
  2 Brimstone Fiends
  2 electric golems
  12 tentacled monstrosities
  Asterion (Depths:1)
  4 liches
  15 Ice Fiends
  11 hellephants
  A walking earthen tome (Depths:3)
  A deep elf master archer (Elf:3)
  2 quicksilver dragons
  10 titans
  13 acid blobs
  7 searing wretches
  4 sphinxes
  Gastronok (Lair:2)
  7 ancient champions
  Frances (D:14)
  The ghost of Qyphoemu the Black Belt, an adept GnTm of Gozag (Spider:4)
  Donald (Spider:4)
  5 death cobs
  Kirke (Spider:4)
  11 shadow dragons
  3 revenants
  11 storm dragons
  8 tengu reavers
  3 draconian monks
  The ghost of jejorda2 the Phalangite, an adept MfBe of Trog (Spider:1)
  A fenstrider witch (Lair:2)
  12 narguns
  17 rockslimes
  18 fire giants
  2 draconian knights
  12 azure jellies
  An iron dragon (Depths:3)
  12 vault wardens
  2 draconian scorchers
  8 emperor scorpions
  6 frost giants
  9 deep elf sorcerers
  3 curse skulls
  2 imperial myrmidons (Desolation)
  Aizul (Crypt:1)
  9 shard shrike simulacra
  4 draconian shifters
  15 balrugs
  The ghost of Jaism the Bludgeoner, a journeyman MiBe of Trog (Lair:5)
  2 juggernaut zombies (Hell)
  A draconian stormcaller (Zot:1)
  8 deep elf elementalists
  6 ghost moths
  3 draconian annihilators
  A caustic shrike zombie (Crypt:3)
  14 ironbound preservers
  13 ghouls
  20 quicksilver oozes
  14 stone giants
  2 broodmothers
  An orc warlord (Orc:1)
  27 very ugly things
  5 reapers
  A spriggan defender (Depths:2)
  A caustic shrike skeleton (Crypt:1)
  2 war gargoyles
  A quicksilver ooze (shapeshifter) (Vaults:4)
  6 green draconians
  5 ironbound thunderhulks
  19 elemental wellsprings
  21 vampire knights
  15 wendigos
  Nessos (D:14)
  Azrael (Orc:1)
  10 spark wasps
  A lorocyproca (Depths:3)
  14 red draconians
  3 eleionomae
  10 black draconians
  6 deep elf demonologists
  14 white draconians
  11 dire elephants
  5 yellow draconians
  5 purple draconians
  8 deep elf annihilators
  4 bunyips
  A halazid warlock (Desolation)
  10 deep elf death magi
  2 blizzard demons
  9 ettins
  8 fire dragons
  A crystal guardian (Desolation)
  A quicksilver dragon zombie (Crypt:3)
  7 eidola
  An ettin (shapeshifter) (Vaults:5)
  6 great orbs of eyes
  6 entropy weavers
  4 deep elf high priests
  A fenstrider witch zombie (Crypt:3)
  8 ragged hierophants (Desolation)
  3 hell beasts
  11 yaktaur captains
  7 salamander tyrants
  5 servants of whispers (Desolation)
  A shambling mangrove (Swamp:4)
  17 jiangshi
  37 vault guards
  7 spriggan zombies
  3 ghost crabs
  5 peacekeepers (Desolation)
  10 caustic shrike simulacra
  17 hydras
  2 fenstrider witch skeletons
  A quicksilver dragon skeleton (Depths:3)
  A spriggan air mage (Depths:3)
  5 juggernaut simulacra
  An ogre mage (D:13)
  13 ice dragons
  2 jorogumos
  A radroach (shapeshifter) (Elf:3)
  3 catoblepae
  10 centaur warriors
  10 ironbound frosthearts
  5 boulder beetles
  36 dancing weapons
  4 radroaches
  14 alligators
  A two-headed ogre (D:13)
  7 death knights
  A death scarab (Depths:4)
  7 tengu warriors
  7 deep troll earth magi
  9 deep troll shamans
  An azure jelly zombie (Crypt:2)
  37 hell hogs
  4 spriggan berserkers
  4 stokers
  16 vampire magi
  2 titan zombies
  5 orc high priests
  16 deep elf knights
  19 sun demons
  17 hell knights
  Sonja (Lair:2)
  13 soul eaters
  6 iron trolls
  Amaemon (D:8)
  37 skeletal warriors
  2 pharaoh ants
  2 skysharks
  4 shadow wraiths
  A storm dragon skeleton (Crypt:1)
  2 titan skeletons
  3 flayed ghosts
  5 spriggan druids
  An anaconda zombie (Crypt:3)
  A golden dragon zombie (Hell)
  11 orb spiders
  A sun moth (Spider:4)
  56 deep trolls
  The ghost of osoart the Reanimator, a novice DsNe of Hepliaklqana (D:8)
  4 goliath frogs
  12 swamp dragons
  10 bog bodies
  24 ironbound convokers
  8 quicksilver dragon simulacra
  3 wizards
  13 lindwurms
  5 deep elf archers
  5 orc knights
  2 orange crystal statues
  25 phantasmal warriors
  A steelbarb worm (shapeshifter) (Vaults:4)
  2 glowing orange brains
  7 steelbarb worms
  27 deep elf zephyrmancers
  An anaconda skeleton (Hell)
  3 shadow dragon skeletons
  A sphinx zombie (Vaults:2)
  4 harpies
  12 necromancers
  10 shining eyes
  37 deep elf pyromancers
  7 orc sorcerers
  4 stone giant zombies
  20 wolf spiders
  2 frost giant zombies (Hell)
  4 will-o-the-wisps
  A faun (shapeshifter) (Vaults:5)
  33 ugly things
  A goliath frog skeleton (Crypt:2)
  18 moths of wrath
  6 cyclopes
  A salamander (Depths:2)
  5 manticores
  A tengu skeleton (Depths:3)
  An iron dragon skeleton (Crypt:1)
  5 black mambas
  3 eyes of devastation (Slime:3)
  3 titan simulacra
  10 demonic crawlers
  A cane toad (shapeshifter) (Elf:2)
  5 molten gargoyles
  6 torpor snails
  15 vault sentinels
  An orange demon (D:8)
  13 smoke demons
  4 guardian serpents
  2 ice statues
  3 naga skeletons
  5 centaur skeletons
  5 cane toads
  Maggie (D:7)
  7 hellions
  10 komodo dragons
  A catoblepas zombie (Crypt:2)
  An efreet (D:8)
  A rime drake (shapeshifter) (Vaults:3)
  A green draconian zombie (Crypt:1)
  13 swamp worm zombies (Crypt:1)
  7 freezing wraiths
  21 yaktaurs
  2 golden dragon simulacra
  A kobold demonologist (D:10)
  4 guardian mummies (Crypt:3)
  A redback zombie (D:15)
  7 tormentors
  5 rime drakes
  7 iron giant simulacra
  3 ice devils
  A human skeleton (Vaults:2)
  10 anaconda simulacra
  A tengu conjurer (Depths:3)
  6 trolls
  3 harpy zombies
  2 sea snake skeletons (Hell)
  3 tyrant leeches
  27 hornets
  12 polar bears
  25 tarantellas
  2 red devils
  46 saltlings (Desolation)
  A tengu simulacrum (Crypt:1)
  A hydra skeleton (Hell)
  A raiju (shapeshifter) (Elf:3)
  13 blink frogs
  An ettin zombie (Crypt:3)
  3 raiju (Lair:5)
  4 iron dragon simulacra
  20 jumping spiders
  146 slime creatures
  A snapping turtle (shapeshifter) (Depths:1)
  3 air elementals
  A stone giant simulacrum (Coc:3)
  5 water elementals
  A jumping spider (shapeshifter) (Depths:3)
  A vampire (D:9)
  3 shadows
  27 culicivoras
  An alligator skeleton (Hell)
  A fire dragon skeleton (Crypt:1)
  17 spriggans
  3 spriggans (shapeshifter)
  15 wraiths
  2 centaur simulacra
  Grum (D:8)
  6 dire elephant simulacra
  An orc simulacrum (Coc:2)
  5 hogs (Spider:4)
  33 yaks
  4 wyverns
  5 fire elementals
  2 basilisks (Lair:4)
  An alligator snapping turtle simulacrum (Coc:2)
  A neqoxec (Depths:2)
  A steam dragon (D:9)
  6 death yak simulacra (IceCv)
  63 redbacks
  A chaos spawn (Depths:2)
  A wind drake skeleton (Crypt:3)
  10 vampire mosquitoes
  A fire bat zombie (Crypt:3)
  20 swamp worms
  2 naga zombies
  11 harpy simulacra
  4 wargs (Lair:5)
  3 acid dragons
  A deep troll zombie (Hell)
  19 water moccasins
  17 hell hounds
  A demonspawn skeleton (Crypt:2)
  A floating eye (Slime:5)
  5 hydra simulacra
  10 swamp drakes
  2 sky beasts
  6 ettin simulacra
  A hornet zombie (D:15)
  41 orc warriors
  2 ice beasts
  A manticore zombie (Crypt:3)
  A fire dragon simulacrum (Coc:1)
  15 black bears
  An alligator simulacrum (Hell)
  8 ogres
  2 human zombies
  39 wolves
  9 boggarts
  7 centaurs
  The ghost of domi the Conjurer, an amateur DsCj (D:3)
  A blink frog skeleton (Crypt:1)
  3 kobold brigands
  A hog skeleton (Crypt:3)
  6 bullfrogs
  3 earth elementals
  2 cane toad simulacra (IceCv)
  2 gnoll sergeants (D:8)
  4 scorpions
  An elf skeleton (Crypt:2)
  11 necrophages
  8 two-headed ogre simulacra (IceCv)
  A wight (D:10)
  A polar bear zombie (Crypt:3)
  A salamander skeleton (Crypt:3)
  3 jellies
  A troll zombie (Crypt:3)
  2 raiju zombies
  4 elephant simulacra (IceCv)
  A human simulacrum (Vaults:2)
  A swamp dragon simulacrum (Coc:1)
  A killer bee (D:8)
  A polar bear skeleton (Crypt:2)
  A raiju skeleton (Crypt:2)
  2 howler monkeys
  7 electric eels
  A centaur zombie (Crypt:1)
  A lava snake (D:14)
  6 hounds
  3 gnoll boudas
  23 orc priests
  Crazy Yiuf (D:7)
  Jessica (D:2)
  2 iguanas
  29 orc wizards
  A boggart skeleton (D:15)
  A hell rat (Sewer)
  10 spriggan simulacra
  4 troll simulacra (IceCv)
  3 polar bear simulacra (IceCv)
  2 wolf simulacra (IceCv)
  19 gnolls
  4 adders
  A howler monkey skeleton (Crypt:3)
  12 naga simulacra
  3 river rats (Sewer)
  A swamp drake skeleton (Crypt:1)
  8 white imps
  5 ufetubi
  2 lava snake zombies (Crypt:1)
  A worm (D:3)
  4 dart slugs
  87 orcs
  10 ball pythons
  3 bats
  4 endoplasms
  5 giant cockroaches
  10 goblins
  4 hobgoblins
  5 quokkas
  3 frilled lizards
  A jackal skeleton (Crypt:2)
  7 kobolds
  14 rats
  3 creeping infernos
  21 fire vortices
2869 creatures vanquished.

Vanquished Creatures (collateral kills)
  A basilisk (Lair:2)
1 creature vanquished.

Vanquished Creatures (others)
  A titan (Coc:7)
  A tengu reaver (Vaults:4)
  A draconian knight (Zot:2)
  A shard shrike simulacrum (Coc:7)
  A draconian stormcaller (Zot:2)
  An eleionoma (Swamp:3)
  A caustic shrike simulacrum (Coc:7)
  A hell knight (Hell)
  A pharaoh ant (Spider:1)
  A deep elf pyromancer (Elf:2)
  3 bloated husks
  A tarantella (Spider:4)
  A dire elephant simulacrum (Coc:5)
  2 redbacks
  5 harpy simulacra
  A hydra simulacrum (Coc:5)
  3 orc wizards
  4 orcs
  22 foxfires
  49 fungi
  129 plants
  4 toadstools (Lair:4)
234 creatures vanquished.

Grand Total: 3104 creatures vanquished

Notes
Turn   | Place    | Note
-------+----------+-------------------------------------------
     0 | D:1      | cforsyth the Barachi Fighter began the quest for the Orb.
     0 | D:1      | Reached XP level 1. HP: 18/18 MP: 1/1
   215 | D:1      | Reached XP level 2. HP: 25/25 MP: 2/2
   355 | D:1      | Reached XP level 3. HP: 29/30 MP: 3/3
   956 | D:2      | Noticed Jessica
   962 | D:2      | Killed Jessica
   963 | D:2      | Reached XP level 4. HP: 36/38 MP: 4/4
  1616 | D:3      | Found a glowing drain.
  1624 | Sewer    | Entered a sewer
  1637 | Sewer    | Reached XP level 5. HP: 21/43 MP: 5/5
  2079 | D:3      | Found a faded altar of an unknown god.
  2334 | D:3      | Found a transporter.
  2334 | D:3      | Noticed domi's ghost (amateur DsCj)
  2364 | D:3      | Found a transporter.
  2466 | D:3      | Found a faded altar of an unknown god.
  2755 | D:4      | Found a hide-covered altar of Uskayaw.
  2787 | D:4      | Reached skill level 5 in Fighting
  2787 | D:4      | Reached skill level 5 in Armour
  2787 | D:4      | Reached XP level 6. HP: 47/51 MP: 6/6
  2849 | D:3      | Found a stormy altar of Qazlal.
  2872 | D:4      | Got the Anthology of the Postmortem Adder
  3372 | D:5      | Entered Level 5 of the Dungeon
  3423 | D:5      | Reached skill level 5 in Shields
  3423 | D:5      | Reached XP level 7. HP: 33/56 MP: 7/7
  4057 | D:5      | Found an ancient bone altar of Kikubaaqudgha.
  4592 | D:6      | Reached skill level 5 in Axes
  4743 | D:6      | Reached XP level 8. HP: 54/65 MP: 8/8
  5404 | D:6      | Found a staircase to the Ecumenical Temple.
  5464 | Temple   | Entered the Ecumenical Temple
  5473 | Temple   | Became a worshipper of Cheibriados the Contemplative
  6165 | D:7      | Noticed Maggie
  6245 | D:7      | Reached * piety under Cheibriados
  6246 | D:7      | Reached XP level 9. HP: 32/73 MP: 9/9
  6661 | D:7      | HP: 3/73 [Maggie/+2 broad axe of flaming (6)]
  6661 | D:7      | HP: 1/73 [Maggie/+2 broad axe of flaming (2)]
  6663 | D:7      | Killed Maggie
  6801 | D:7      | Found a runed translucent door.
  6802 | D:7      | Noticed Crazy Yiuf
  6873 | D:7      | Found an opulent altar of Gozag.
  6881 | D:7      | Found a shimmering altar of Xom.
  6883 | D:7      | Found a shadowy altar of Dithmenos.
  7285 | D:8      | Noticed Grum
  7303 | D:8      | Killed Grum
  7563 | D:8      | Reached ** piety under Cheibriados
  7583 | D:8      | Noticed an efreet
  7699 | D:8      | Noticed an orange demon
  7716 | D:8      | Killed an orange demon
  7717 | D:8      | Reached XP level 10. HP: 83/83 MP: 10/10
  7746 | D:8      | Noticed Amaemon
  7858 | D:8      | Killed Amaemon
  8262 | D:8      | Found a runed translucent gate.
  8262 | D:8      | Found a runed translucent gate.
  8268 | D:8      | Found a runed translucent gate.
  8268 | D:8      | Noticed osoart's ghost (novice DsNe)
  9012 | D:9      | Identified the +4 ring mail "Wiwnoud" {rF- rN+ MP+9}
  9027 | D:9      | Reached skill level 10 in Armour
  9028 | D:9      | Reached skill level 10 in Fighting
  9028 | D:9      | Reached *** piety under Cheibriados
  9192 | D:9      | Found a staircase to the Lair.
  9226 | D:9      | Found a staircase to the Orcish Mines.
  9323 | D:10     | Entered Level 10 of the Dungeon
  9465 | D:10     | Reached XP level 11. HP: 92/92 MP: 11/11
  9502 | D:10     | Found Dimecem's Antique Weapon Shoppe.
  9907 | D:10     | Found Buefemih's Assorted Antiques.
  9920 | D:10     | Paralysed by a hornet for 3 turns
  9925 | D:10     | Paralysed by a hornet for 2 turns
  9989 | D:10     | Reached **** piety under Cheibriados
 10068 | D:10     | Found Juzowni's Jewellery Emporium.
 10148 | D:10     | Found Rat Gia's Magic Scroll Shoppe.
 10462 | D:10     | Found a sacrificial altar of Ru.
 10567 | D:11     | Reached skill level 10 in Axes
 10610 | D:11     | Identified a scroll of acquirement
 10633 | D:11     | Acquired the +3 pair of gloves of the Shrinking Gods
                  | {Str+4}
 10738 | D:11     | Noticed a cyclops
 10746 | D:11     | Killed a cyclops
 11372 | D:12     | Reached ***** piety under Cheibriados
 11520 | D:12     | Noticed a cyclops
 11523 | D:12     | Killed a cyclops
 11772 | D:12     | Noticed a deep elf pyromancer
 11772 | D:12     | Noticed a deep elf pyromancer
 11777 | D:12     | Killed a deep elf pyromancer
 11778 | D:12     | Reached XP level 12. HP: 80/103 MP: 12/12
 11788 | D:12     | Got the Papyrus of Scintillating Metal
 12024 | Lair:1   | Entered Level 1 of the Lair of Beasts
 13109 | Lair:2   | Reached ****** piety under Cheibriados
 13113 | Lair:2   | Noticed Gastronok
 13142 | Lair:2   | Killed Gastronok
 13154 | Lair:2   | Noticed Sonja
 13767 | Lair:2   | Found a hole to the Spider Nest.
 13858 | Lair:2   | Killed Sonja
 14286 | Lair:2   | Found a staircase to the Swamp.
 14292 | Lair:2   | Gained mutation: You can hop long distances. [Barachi
                  | growth]
 14292 | Lair:2   | Reached XP level 13. HP: 113/113 MP: 13/13
 14811 | Lair:3   | Reached skill level 15 in Armour
 14899 | Lair:3   | Reached skill level 15 in Fighting
 15811 | Lair:4   | Found a runed translucent door.
 16212 | Lair:4   | Found a staircase to the Slime Pits.
 16219 | Lair:4   | Found a viscous altar of Jiyva.
 16436 | Lair:5   | Entered Level 5 of the Lair of Beasts
 16437 | Lair:5   | Acquired the ring "Ybos Oso" {rPois Will+}
 16463 | Lair:5   | Found a frozen archway.
 16481 | IceCv    | Entered an ice cave
 16756 | IceCv    | Noticed a reaper
 16781 | IceCv    | Killed a reaper
 16784 | IceCv    | Reached XP level 14. HP: 46/124 MP: 14/14
 16817 | IceCv    | Identified the ring of Boeschui {Fire rElec Dex+2}
 17077 | Lair:5   | Reached skill level 1 in Ice Magic
 17111 | Lair:5   | Reached skill level 1 in Spellcasting
 17265 | Lair:5   | Identified the +3 leather armour of Somewhere Else {Harm
                  | Will+}
 17348 | Lair:5   | Reached skill level 5 in Ice Magic
 17502 | Lair:5   | Found a runed translucent gate.
 17503 | Lair:5   | Found a runed translucent gate.
 17504 | Lair:5   | Found a runed translucent gate.
 17506 | Lair:5   | Noticed Jaism's ghost (journeyman MiBe)
 17810 | Lair:5   | Reached skill level 15 in Axes
 18098 | D:3      | Killed domi's ghost
 18252 | D:7      | Killed Crazy Yiuf
 18376 | D:8      | Killed osoart's ghost
 18463 | Orc:1    | Entered Level 1 of the Orcish Mines
 18602 | Orc:2    | Entered Level 2 of the Orcish Mines
 18603 | Orc:2    | Noticed Azrael
 19191 | Orc:1    | Killed Azrael
 19713 | Orc:2    | Found Hemm's Overcharged Wands.
 19826 | Orc:1    | Reached skill level 10 in Shields
 19928 | Orc:2    | Found a staircase to the Elven Halls.
 20120 | Orc:2    | Noticed an orc warlord
 20301 | Orc:1    | Killed an orc warlord
 20560 | Orc:2    | Reached skill level 5 in Spellcasting
 20588 | Orc:2    | Paralysed by an orc sorcerer for 5 turns
 20600 | Orc:2    | Reached XP level 15. HP: 33/130 MP: 22/22
 20826 | Orc:2    | Found Cutrayf's Antique Armour Emporium.
 20827 | Orc:2    | Found Enoluqyc's Antique Weapon Shoppe.
 20830 | Orc:2    | Found Lireveda's General Store.
 20830 | Orc:2    | Found Ifyupn's Book Emporium.
 20858 | Orc:2    | Bought a shiny kite shield for 157 gold pieces
 21345 | D:13     | Reached skill level 10 in Ice Magic
 21811 | D:13     | Found a gateway to a bazaar.
 21828 | Bazaar   | Entered a bazaar
 21828 | Bazaar   | Found Xeheys's Armour Boutique.
 21845 | Bazaar   | Found Xucaaf's Weapon Boutique.
 21856 | Bazaar   | Found Ziemot's Assorted Antiques.
 21892 | Bazaar   | Found Dirite's Assorted Antiques.
 21901 | Bazaar   | Bought a murky amethyst potion for 21 gold pieces
 21901 | Bazaar   | Bought a scroll of acquirement for 1248 gold pieces
 21908 | Bazaar   | Acquired a manual of Spellcasting
 22254 | D:13     | Found a gate to the Vaults.
 22671 | D:14     | Noticed Nessos
 22740 | D:14     | Killed Nessos
 23234 | D:14     | Noticed Frances
 23247 | D:14     | Killed Frances
 23721 | D:15     | Entered Level 15 of the Dungeon
 23924 | D:15     | Identified the +8 battleaxe of Doasaih {venom, rF+}
 24109 | D:15     | Found a staircase to the Depths.
 24168 | D:15     | Reached XP level 16. HP: 121/138 MP: 29/29
 24321 | Spider:1 | Entered Level 1 of the Spider Nest
 25900 | Swamp:1  | Entered Level 1 of the Swamp
 25900 | Swamp:1  | Noticed a fenstrider witch
 25912 | Lair:2   | Killed a fenstrider witch
 26684 | Swamp:2  | Reached skill level 10 in Spellcasting
 27943 | Swamp:3  | Reached skill level 15 in Ice Magic
 28227 | Swamp:4  | Entered Level 4 of the Swamp
 28512 | Swamp:4  | Reached XP level 17. HP: 133/144 MP: 33/33
 29070 | Swamp:4  | Got a decaying rune of Zot
 29315 | Vaults:1 | Entered Level 1 of the Vaults
 29354 | Vaults:1 | Found a crumbling gateway.
 29368 | Desolati | Entered the Desolation of Salt
 29666 | Desolati | Reached skill level 1 in Translocations
 29682 | Desolati | Identified the amulet "Ineroll" {Spirit Contam rF++ rCorr
                  | Int+4}
 29695 | Desolati | Got the Quarto of Allies
 29711 | Desolati | Reached skill level 1 in Dodging
 30208 | Desolati | Identified the +9 mace of Tumult {drain, *Noise rElec rPois
                  | Int+4}
 30387 | Desolati | Identified the +7 quarterstaff of Stickiness {venom, +Blink
                  | rC- rN+ Str+7}
 30450 | Desolati | Reached skill level 5 in Dodging
 30504 | Desolati | Identified the +1 scale mail of Gyegimeus {rElec Will+
                  | Str+3 Stlth+}
 30511 | Desolati | Identified the ring of Qoump {rC+ rN+}
 30531 | Desolati | Got the Papyrus of Comburant Impurities
 30621 | Desolati | Learned a level 4 spell: Manifold Assault
 30927 | Vaults:1 | Reached skill level 5 in Translocations
 30927 | Vaults:1 | Reached XP level 18. HP: 138/155 MP: 35/35
 31426 | Vaults:1 | Reached skill level 10 in Dodging
 32464 | Spider:1 | Found a runed translucent gate.
 32467 | Spider:1 | Noticed jejorda2's ghost (adept MfBe)
 32469 | Spider:1 | Found a runed translucent gate.
 32470 | Spider:1 | Found a runed translucent gate.
 33756 | Spider:2 | Reached skill level 10 in Translocations
 33771 | Spider:2 | You fall into a shaft and drop 1 floor!
 33815 | Spider:3 | Reached skill level 1 in Hexes
 34092 | Spider:3 | Reached XP level 19. HP: 161/161 MP: 36/36
 34662 | Spider:4 | Entered Level 4 of the Spider Nest
 34688 | Spider:4 | Noticed Mara
 34925 | Spider:4 | Noticed Bai Suzhen
 35072 | Spider:4 | Noticed cforsyth's illusion
 35184 | Spider:4 | Noticed Donald
 35185 | Spider:4 | Noticed Nikola
 35186 | Spider:4 | Reached skill level 15 in Dodging
 36043 | Spider:3 | Learned a level 5 spell: Metabolic Englaciation
 36059 | Spider:4 | Noticed cforsyth's illusion
 36199 | Spider:4 | Noticed Kirke
 36206 | Spider:4 | Killed Kirke
 36711 | Spider:4 | Killed Donald
 36712 | Spider:4 | Reached skill level 5 in Hexes
 36720 | Spider:4 | Killed Bai Suzhen
 36860 | Spider:4 | Killed Nikola
 37101 | Spider:4 | Noticed cforsyth's illusion
 37217 | Spider:4 | Noticed cforsyth's illusion
 37222 | Spider:4 | Noticed cforsyth's illusion
 37232 | Spider:4 | Killed Mara
 37634 | Spider:4 | Noticed Qyphoemu's ghost (adept GnTm)
 37637 | Spider:4 | Noticed Arachne
 37653 | Spider:4 | Found the +8 mithril axe "Arga" {speed, Will+}
 37658 | Spider:4 | Found a transporter.
 37664 | Spider:4 | Found a transporter.
 38685 | Spider:4 | Reached skill level 15 in Spellcasting
 38811 | Spider:4 | Got a gossamer rune of Zot
 39843 | Vaults:2 | Reached XP level 20. HP: 170/170 MP: 39/39
 39926 | Vaults:2 | Identified the +1 chain mail of Hubris {rF+ Regen+ rCorr}
 39955 | Vaults:2 | Found a staircase to the Crypt.
 40099 | Vaults:2 | Reached XP level 21. HP: 178/178 MP: 40/40
 40259 | Vaults:2 | Identified the +9 shortbow of Ruinkunta {freeze, rN+}
 40634 | Vaults:3 | Noticed Saint Roka
 40656 | Vaults:2 | Killed Saint Roka
 42564 | Vaults:4 | Noticed Xtahua
 42576 | Vaults:4 | Paralysed by Xtahua for 4 turns
 42584 | Vaults:4 | Killed Xtahua
 43804 | Elf:1    | Entered Level 1 of the Elven Halls
 43804 | Elf:1    | Found Hyawuh's Distillery.
 44603 | Elf:1    | Found Hiarusm's Antique Armour Emporium.
 44608 | Elf:1    | Reached XP level 22. HP: 180/192 MP: 33/41
 45002 | Elf:1    | Bought the +1 cloak of Starlight {*Dazzle EV+4 Stlth--} for
                  | 884 gold pieces
 45002 | Elf:1    | Found the +1 cloak of Starlight {*Dazzle EV+4 Stlth--}
 45021 | Elf:1    | Found Ina Ehi's Magic Scroll Emporium.
 45089 | Elf:1    | Acquired the +18 shield of the Gong {Loud rN+ Will+ rCorr
                  | EV-5}
 45089 | Elf:1    | Found the +18 shield of the Gong {Loud rN+ Will+ rCorr
                  | EV-5}
 45091 | Elf:1    | Acquired 557 gold pieces
 45722 | Elf:1    | Found Emareuc's Weapon Shoppe.
 46211 | Elf:2    | Paralysed by an air elemental for 1 turns
 46669 | Elf:2    | Found a huge runed translucent gate.
 46669 | Elf:2    | Found a huge runed translucent gate.
 46669 | Elf:2    | Found a huge runed translucent gate.
 46671 | Elf:2    | Found a huge runed translucent gate.
 46672 | Elf:2    | Found a huge runed translucent gate.
 46674 | Elf:2    | Identified the +6 long sword "Lubral" {antimagic, Int+2
                  | Dex+3}
 48132 | Elf:3    | Entered Level 3 of the Elven Halls
 48163 | Elf:3    | Found a portal to a secret trove of treasure.
 50068 | Elf:3    | Identified the +1 plate armour "Ivuosaet" {Rampage +Blink
                  | rF- Will+++}
 50928 | Elf:3    | Identified the +1 leather armour "Gises" {rPois Int+4 Dex+2
                  | Stlth+}
 50928 | Elf:3    | Identified the amulet of Hicair {Regen+ Str+3 Dex+2}
 50934 | Elf:3    | Reached XP level 23. HP: 200/205 MP: 22/42
 51239 | Elf:3    | Identified the +6 shortbow of Setuowele {antimagic, rPois
                  | Will- rCorr Dex+9}
 51247 | Elf:3    | Got the Catalogue of Envenoming
 51291 | Elf:3    | Identified the +6 chain mail "Car Muaph" {rF+ rC- Str+3
                  | Int+6}
 51301 | Elf:3    | Identified the +5 short sword of Undoing {freeze, rCorr
                  | Int+2}
 51707 | Crypt:1  | Entered Level 1 of the Crypt
 52305 | Crypt:1  | Noticed Jory
 52312 | Crypt:1  | Noticed an ancient lich
 52316 | Crypt:1  | Killed Jory
 52478 | Vaults:2 | Killed an ancient lich
 52607 | Crypt:1  | Noticed a dread lich
 52862 | Crypt:1  | Killed a dread lich
 53527 | Crypt:1  | Noticed Aizul
 53681 | Crypt:1  | Killed Aizul
 54388 | Crypt:1  | Noticed Frederick
 54396 | Crypt:1  | Killed Frederick
 54825 | Crypt:1  | Acquired 1149 gold pieces
 57009 | Crypt:3  | Entered Level 3 of the Crypt
 57832 | Crypt:3  | Paralysed by a vampire knight for 3 turns
 57844 | Crypt:3  | Reached XP level 24. HP: 203/219 MP: 6/42
 60254 | Crypt:3  | Found a staircase to the Tomb.
 60691 | Crypt:3  | Found a shimmering altar of Xom.
 61712 | Depths:1 | Entered Level 1 of the Depths
 62070 | Depths:1 | Reached skill level 10 in Hexes
 62241 | Depths:1 | Found a one-way gate to the infinite horrors of the Abyss.
 62398 | Depths:1 | Found Siug's Antique Armour Shoppe.
 62407 | Depths:1 | Bought a pair of brightly glowing boots for 408 gold pieces
 62407 | Depths:1 | Identified the +0 pair of boots "Sonluts" {rElec Str+3
                  | Dex-3} (You bought it in a shop on level 1 of the Depths)
 62538 | Depths:1 | Found Jeiss's Magic Scroll Boutique.
 62664 | Depths:1 | Noticed Asterion
 62674 | Depths:1 | Killed Asterion
 62809 | Depths:1 | Identified the amulet "Noywnie" {RegenMP Will+}
 63482 | Depths:1 | Identified the +6 great mace of Ozipn {freeze, Will++}
 63842 | Depths:1 | Found a gateway to Hell.
 63940 | Depths:1 | Found Zoatume's Book Emporium.
 63949 | Depths:1 | Bought the Unrestrained Analects for 792 gold pieces
 63957 | Depths:1 | Learned a level 7 spell: Ozocubu's Refrigeration
 63961 | Depths:1 | Learned a level 3 spell: Ozocubu's Armour
 63972 | Depths:1 | Found Hetot's Antique Weapon Boutique.
 65100 | Depths:2 | Reached XP level 25. HP: 225/225 MP: 9/43
 66154 | Depths:2 | Found a shimmering altar of Xom.
 66241 | Depths:2 | Found a one-way gate leading to the halls of Pandemonium.
 67469 | Depths:3 | Found a one-way gateway to a ziggurat.
 67810 | Depths:3 | Identified the +3 morningstar "Lux Gor" {freeze, Int+5}
 68043 | Depths:3 | Identified the +1 war axe of Solikluf {heavy, rElec Str+3}
 68963 | Depths:3 | Reached skill level 15 in Translocations
 69643 | Depths:3 | Found Nicois's Book Boutique.
 69643 | Depths:3 | Found Ryigeage's Jewellery Emporium.
 69644 | Depths:3 | Found Tak Kilo's Jewellery Emporium.
 69654 | Depths:3 | Bought a manual of Armour for 1760 gold pieces
 69656 | Depths:3 | Bought the necklace of Bloodlust {Fury *Rage Will++ Int-3
                  | Slay+6} for 543 gold pieces
 69656 | Depths:3 | Found the necklace of Bloodlust {Fury *Rage Will++ Int-3
                  | Slay+6}
 70102 | Depths:4 | Entered Level 4 of the Depths
 70989 | Depths:4 | Identified the +0 kite shield "Usiog" {Will+}
 71488 | Depths:4 | Found Zygovoas's Magic Scroll Shop.
 71617 | Depths:4 | Found a glowing silver altar of Zin.
 71618 | Depths:4 | Found a glowing golden altar of the Shining One.
 71620 | Depths:4 | Found a white marble altar of Elyvilon.
 72271 | Depths:4 | Found a gate to the Realm of Zot.
 72557 | Hell     | Entered the Vestibule of Hell
 72557 | Hell     | Noticed Geryon
 73605 | Depths:3 | Reached XP level 26. HP: 235/235 MP: 44/44
 73613 | Depths:3 | Reached XP level 27. HP: 242/242 MP: 44/44
 74009 | Hell     | Noticed an ancient lich
 74691 | Depths:3 | Killed an ancient lich
 76301 | Hell     | Killed Geryon
 76651 | Hell     | Found a gateway to the ashen valley of Gehenna.
 76927 | Hell     | Found a gateway to the decaying netherworld of Tartarus.
 77248 | Hell     | Found a gateway to the freezing wastes of Cocytus.
 77486 | Hell     | Found a gateway to the Iron City of Dis.
 77813 | Vaults:5 | Entered Level 5 of the Vaults
 78239 | Vaults:4 | Reached skill level 27 in Armour
 78476 | Vaults:5 | Noticed an ancient lich
 78605 | Vaults:4 | Killed an ancient lich
 79200 | Vaults:5 | Reached skill level 27 in Fighting
 79409 | Vaults:5 | Reached skill level 1 in Transmutations
 79451 | Vaults:5 | Reached skill level 1 in Necromancy
 79779 | Vaults:5 | Found Somar's Assorted Antiques.
 79952 | Vaults:5 | Got a silver rune of Zot
 80092 | Vaults:5 | Noticed an ancient lich
 80102 | Vaults:5 | Killed an ancient lich
 80121 | Vaults:5 | Identified the +1 robe of Recklessness {Str+3 Int+2 SInv}
 80206 | Vaults:5 | Got the Omnibus of Analysis
 80409 | Vaults:5 | Identified the +1 pair of gloves of the Pits of Slime
                  | {rCorr Int+3}
 80995 | Spider:1 | Killed jejorda2's ghost
 81259 | Spider:4 | Killed Arachne
 81275 | Spider:4 | Killed Qyphoemu's ghost
 81661 | Lair:5   | Killed Jaism's ghost
 82047 | Elf:1    | Bought a scroll of enchant armour for 135 gold pieces
 82047 | Elf:1    | Bought a scroll of teleportation for 54 gold pieces
 82194 | Slime:1  | Entered Level 1 of the Pits of Slime
 82607 | Slime:2  | Reached skill level 5 in Transmutations
 83418 | Slime:3  | Gained mutation: You have hidden genetic defects. [a
                  | shining eye]
 84264 | Slime:3  | Reached skill level 5 in Necromancy
 85037 | Slime:4  | Gained mutation: You are strong-willed. (Will+) [a shining
                  | eye]
 85973 | Slime:5  | Entered Level 5 of the Pits of Slime
 86080 | Slime:5  | Noticed the Royal Jelly
 86958 | Slime:5  | Paralysed by a floating eye for 4 turns
 86980 | Slime:5  | Gained mutation: Your spells are a little easier to cast,
                  | but a little less powerful. [hidden defects]
 87618 | Slime:5  | Killed the Royal Jelly
 87880 | Slime:5  | Got a slimy rune of Zot
 87911 | Slime:5  | Identified the +1 leather armour of Patience {Fly}
 87914 | Slime:5  | Identified the +2 broad axe of the Evil Eye {spect, Dex+5}
 87925 | Slime:5  | Identified the amulet of Foolhardiness {Spirit rElec rCorr}
 87948 | Slime:5  | Identified the amulet "Byirruuch" {rElec Will+ Regen+}
 87975 | Slime:5  | Identified the +7 short sword of Inefy {distort, Will+}
 87978 | Slime:5  | Identified the +4 great mace "Starlight" {flame, rElec rN+
                  | Str-5 Stlth+}
 88726 | Zot:1    | Entered Level 1 of the Realm of Zot
 89447 | Zot:1    | Gained mutation: You occasionally lose the ability to drink
                  | potions when taking damage. [hidden defects]
 89447 | Zot:1    | Lost mutation: You have hidden genetic defects. [hidden
                  | defects expressed]
 90314 | Zot:2    | Lost mutation: Your spells are a little easier to cast, but
                  | a little less powerful. [potion of mutation]
 90314 | Zot:2    | Lost mutation: You are strong-willed. (Will+) [potion of
                  | mutation]
 90314 | Zot:2    | Gained mutation: Your body sometimes deteriorates upon
                  | taking damage. [potion of mutation]
 90314 | Zot:2    | Gained mutation: Your mind is acute. (Int +4, Str/Dex -1)
                  | [potion of mutation]
 91508 | Zot:2    | Reached skill level 10 in Transmutations
 91999 | Zot:2    | Lost mutation: Your mind is acute. (Int +4, Str/Dex -1)
                  | [potion of mutation]
 91999 | Zot:2    | Lost mutation: You occasionally lose the ability to drink
                  | potions when taking damage. [potion of mutation]
 91999 | Zot:2    | Lost mutation: Your body sometimes deteriorates upon taking
                  | damage. [potion of mutation]
 91999 | Zot:2    | Gained mutation: You are agile. (Dex +4, Str/Int -1)
                  | [potion of mutation]
 91999 | Zot:2    | Gained mutation: Your magical capacity is low. (-10% MP)
                  | [potion of mutation]
 92000 | Zot:2    | Lost mutation: Your magical capacity is low. (-10% MP)
                  | [potion of mutation]
 92000 | Zot:2    | Lost mutation: You are agile. (Dex +4, Str/Int -1) [potion
                  | of mutation]
 92000 | Zot:2    | Gained mutation: You are covered in fur. (AC +1) [potion of
                  | mutation]
 92000 | Zot:2    | Gained mutation: Your muscles are strong. (Str +4, Int/Dex
                  | -1) [potion of mutation]
 92000 | Zot:2    | Gained mutation: Your natural rate of healing is unusually
                  | fast. [potion of mutation]
 92372 | Zot:3    | Found a transporter.
 94400 | Zot:4    | Noticed an orb of fire
 94404 | Zot:4    | Gained mutation: Your magical capacity is low. (-10% MP)
                  | [an orb of fire]
 94410 | Zot:4    | Gained mutation: You are frail. (-10% HP) [an orb of fire]
 94419 | Zot:4    | Gained mutation: Your body sometimes deteriorates upon
                  | taking damage. [an orb of fire]
 94421 | Zot:4    | Killed an orb of fire
 95072 | Zot:4    | Reached skill level 10 in Necromancy
 95213 | Zot:4    | Noticed an orb of fire
 95228 | Zot:4    | Killed an orb of fire
 95654 | Coc:1    | Entered Level 1 of Cocytus
 97964 | Coc:4    | Noticed an ancient lich
 97977 | Coc:4    | Killed an ancient lich
 99364 | Coc:6    | Reached skill level 1 in Invocations
 99438 | Coc:6    | Gained mutation: Armour fits poorly on your strangely
                  | shaped body. [mutagenic glow]
 99456 | Coc:6    | Gained mutation: Your magical capacity is very low. (-20%
                  | MP) [mutagenic glow]
 99464 | Coc:6    | Gained mutation: You occasionally shout uncontrollably at
                  | your foes. [mutagenic glow]
100010 | Coc:7    | Entered Level 7 of Cocytus
100451 | Coc:7    | Paralysed by a wendigo for 1 turns
100592 | Coc:7    | Paralysed by a wendigo for 1 turns
100596 | Coc:7    | Paralysed by a wendigo for 1 turns
100783 | Coc:7    | Paralysed by a wendigo for 1 turns
100917 | Coc:7    | Paralysed by a wendigo for 1 turns
103228 | Coc:7    | Reached skill level 5 in Invocations
103296 | Coc:7    | Reached skill level 15 in Transmutations
103614 | Coc:7    | Noticed Antaeus
103655 | Coc:7    | Killed Antaeus
103784 | Coc:7    | Found the +2 pair of slick slippers {slick, slippery, EV+5}
103785 | Coc:7    | Got an icy rune of Zot
103998 | Coc:7    | Got the Quarto of Transmuted Beguiling
104351 | Geh:1    | Entered Level 1 of Gehenna
105764 | Geh:2    | Noticed a dread lich
105786 | Geh:2    | Killed a dread lich
105806 | Geh:2    | Noticed a dread lich
105818 | Geh:2    | Killed a dread lich
110472 | Geh:6    | Killed from afar by a balrug

Illustrated notes

Levels and vault maps discovered:
D:1:      denvon_arrival_planthouse, layout_loops_cross, st_stairs_11
D:2:      layout_basic, uniq_jessica
D:3:      layout_basic, nicolae_overflow_ecumenical_swirl,
          chequers_ecumenical_altar_simple, gup_sewer_entry_spiral,
          gammafunk_ghost_arena
D:4:      layout_basic, lemuel_crystal_altar, serial_glass, glass_columns_a,
          glass_columns_a, glass_columns_a, glass_columns_b, glass_columns_c,
          glass_columns_a
D:5:      layout_gridville, mainiacjoe_overflow_alcove_4
D:6:      layout_basic, minmay_temple_entry_enclosed_plants, st_stairs_7
D:7:      layout_loops_ring, chequers_temple_overflow_statue_of_worship,
          uniq_crazy_yiuf_cottage, uniq_maggie
D:8:      layout_cave_pods, ebering_ghost_rock_garden, wad_dig_loot,
          uniq_amaemon, uniq_grum
D:9:      layout_cross, due_lair_maze_entry_diamond, orc_0_dummy, minmay_between
D:10:     layout_layer_cave, nicolae_ru_path_of_blood, serial_shops,
          nicolae_shop_statue_plus, shop, nicolae_diamond_shop, shop_fountains,
          amcnicky_mini_pool_medium
D:11:     layout_irregular_city
D:12:     layout_rooms, billiards_dpeg
D:13:     layout_loops_corners, hangedman_vaults_entry_quadrant_bands,
          serial_shops, statue_bzr
D:14:     layout_basic, uniq_frances, uniq_nessos
D:15:     grunt_enter_depths_magical_seal, layout_rooms, pond
Temple:   eino_wide_crystal_templ
Lair:1:   layout_regular_city
Lair:2:   layout_chaotic_city, nicolae_swamp_entry_splash_gauntlet,
          spider_nest_entry_webs, grunt_forest_large_clearings,
          grunt_megastairs_5, uniq_sonja, uniq_gastronok
Lair:3:   layout_cave_pods, serial_bayou_shore_b
Lair:4:   gammafunk_lair_enchanted_lake, layout_loops_ring,
          nicolae_slime_entry_field_trip
Lair:5:   hangedman_lair_caniforms_friends, layout_cave_pods,
          ebering_ghost_rock_garden, gauntlet_entry_generic,
          portal_ice_cave_demonic_guard
Swamp:1:  layout_falls_marsh, wheals_swamp_sinkhole, swamp_pool3,
          hangedman_swamp_blocks, infiniplex_staircase_pool
Swamp:2:  layout_basic_swamp, evilmike_swamp_ruin_house_3,
          nicolae_swamp_dense_foliage
Swamp:3:  layout_basic_swamp, evilmike_swamp_ruin_rubble_2
Swamp:4:  swamp, layout_basic_swamp
Spider:1: layout_cave_pods, gammafunk_ghost_split
Spider:2: layout_spider_delve, drop_trap, hellmonk_narrow_tunnel
Spider:3: layout_spider_delve
Spider:4: spider_rune_water, nzn_ghost_randoct, guppyfry_spider_mini_2,
          uniq_donald, uniq_bai_suzhen, uniq_nikola, uniq_arachne, uniq_kirke,
          uniq_mara
Slime:1:  layout_caves
Slime:2:  layout_caves
Slime:3:  layout_caves, cheibrodos_slime_lost_civilization_5
Slime:4:  layout_caves
Slime:5
Orc:1:    layout_diamond_mine
Orc:2:    st_orc_congregation, layout_diamond_mine,
          nicolae_shop_overcharged_wands, uniq_azrael
Elf:1:    layout_rooms, serial_shops, shop, shop, shop_fountains,
          nicolae_shop_statue_plus, hangedman_elven_crosses_minicolossus,
          nicolae_elf_glassroom_feature
Elf:2:    elven_hall_of_blades_hangedman_alternative
          [mumra_blade_entry_bloodbath], layout_geoelf_grid
Elf:3:    minmay_elf_hall_hex, layout_geoelf_castle,
          nicolae_trove_entry_columns, glass_columns_b,
          fake_guardian_serpent_vault
Vaults:1: portal_desolation_entry_nicolae_slug, v_alt_pattern_1,
          hangedman_vaults_capsules, v_misc_13,
          nicolae_vaults_inception_statues, nicolae_vaults_little_squares_4,
          vaults_room_corners, hangedman_vaults_hat, v_misc_22,
          layout_vaults_big_room
Vaults:2: v_alt_pattern_2, v_misc_3, nicolae_vaults_network_s, vaults_dpeg_ring,
          vaults_room_hallway, hangedman_vaults_stitches,
          blue_anna_dwarven_crypt, hangedman_vaults_pinch, grunt_vaults_funnel,
          ontoclasm_vaults_fault, vaults_room_pools,
          nicolae_vaults_diagonal_hallway_6, layout_vaults_ring
Vaults:3: ontoclasm_vaults_hangar, ontoclasm_vaults_twist, vaults_mumra_lcd,
          st_cross, v_misc_23, nicolae_vaults_theta, nicolae_vaults_alarming,
          nicolae_vaults_yaktaur_gun_rack, layout_vaults_omnigrid,
          uniq_saint_roka
Vaults:4: nicolae_vaults_little_ls, v_misc_30, v_alt_pattern_1, v_misc_4,
          v_misc_26, v_misc_11, v_misc_19, dpeg_vaults_monster_box, v_pattern_2,
          nicolae_vaults_circle_grid_a, nicolae_vaults_little_squares_2,
          layout_vaults_maze_snakey, uniq_xtahua
Vaults:5: serial_shops
Crypt:1:  layout_regular_city, lemuel_dead_fish_pool,
          nicolae_crypt_crumbling_hall, grunt_megastairs_3, uniq_aizul,
          uniq_jory, uniq_frederick
Crypt:2:  layout_misc_corridors, uniq_grunn
Crypt:3:  church_of_pain_bobbens, layout_chaotic_city, tomb_entry_simple_bobbens
Depths:1: layout_gridville, serial_shops, shop, shop, shop, shop,
          hangedman_decor_cross_pass, hell_entry, abyss_entry_crystal,
          nicolae_figureground_sparkle, uniq_asterion
Depths:2: nicolae_hexawheel, layout_cave_shapes, hellmouth_1,
          roderic_serpentine_path, rand_demon_pan_entry_1,
          chequers_serial_rivers_micro_e, minivault_16, tgw_xom
Depths:3: nzn_winding_woodlands_cross [nzn_winding_woodlands_5x15_concentric,
          nzn_winding_woodlands_5x15_pockets, nzn_winding_woodlands_5x15_jagged,
          nzn_winding_woodlands_5x15_lazy_stream,
          nzn_winding_woodlands_15x15_five_gardens], layout_basic,
          enter_ziggurat_f, marbit_kobold_abyss_entry,
          hangedman_tar_grid_catacomb, minmay_shop_grove, serial_bayou_shore_b,
          minmay_staircase_bubble, uniq_margery
Depths:4: grunt_zot_entry_alcove, layout_gridlike, serial_shops,
          nicolae_shop_statue_plus, hellmouth_3, good_gods_temple_1,
          abyss_entry, hellmonk_scarab_ruin
Hell
Geh:1:    layout_gehenna_pools_basic
Geh:2:    layout_gehenna_lava_caves
Geh:3:    layout_gehenna_pools_box
Geh:4:    layout_gehenna_lava_caves
Geh:5:    layout_gehenna_pools_box, nicolae_geh_lava_shack
Geh:6:    layout_gehenna_pools_basic
Coc:1:    layout_ice_bergs
Coc:2:    layout_ice_bergs
Coc:3:    layout_cocytus_delve
Coc:4:    layout_cocytus_water_paths
Coc:5:    layout_cocytus_delve
Coc:6:    layout_cocytus_water_paths
Coc:7:    coc_old
Zot:1:    layout_cellular_growth
Zot:2:    layout_cathedral_of_symmetry
Zot:3:    layout_concentric_octagons, nicolae_diode_basic
Zot:4:    layout_onion_interference, st_stairs_1, grunt_megastairs_1

Skill      XL: |  1  2  3  4  5  6  7  8  9 10 11 12 13 14 15 16 17 18 19 20 21 22 23 24 25 26 27 |
---------------+----------------------------------------------------------------------------------+-----
Fighting       | 4 5 6 7 9 10 12 14 15 16 17 18 20 22 24 25 27 | 27.0
Armour         | 4 5 6 7 9 10 12 14 15 16 17 19 22 23 25 27 | 27.0
Axes           | 3 4 5 6 7 9 11 12 14 15 16 17 18 19 25 | 25.5
Shields        | 4 5 7 8 10 12 13 14 | 14.0
Ice Magic      | 8 12 15 16 | 16.0
Spellcasting   | 5 9 12 13 15 16 17 | 17.7
Translocations | 5 10 11 14 15 | 15.1
Dodging        | 7 14 16 | 16.2
Hexes          | 2 7 11 12 | 12.9
Transmutations | 16 | 16.3
Necromancy     | 13 | 13.8
Invocations    | 7 |  7.7

Action                     |  1- 3 |  4- 6 |  7- 9 | 10-12 | 13-15 | 16-18 | 19-21 | 22-24 | 25-27 || total
---------------------------+-------+-------+-------+-------+-------+-------+-------+-------+-------++-------
  Melee: War axe           |    74 |   155 |   228 |       |       |       |       |       |       ||   457
         Broad axe         |       |       |    68 |   414 |   985 |  1126 |  1065 |  1855 |  3587 ||  9100
   Cast: Manifold Assault  |       |       |       |       |       |    33 |   193 |   787 |  1479 ||  2492
         Metabolic Englaci |       |       |       |       |       |       |     9 |       |       ||     9
         Ozocubu's Armour  |       |       |       |       |       |       |       |     3 |     1 ||     4
         Ozocubu's Refrige |       |       |       |       |       |       |       |       |    20 ||    20
Ability: Hop               |       |       |       |       |       |     1 |       |       |       ||     1
  Evoke: Wand              |       |       |       |     5 |     1 |     6 |       |       |     8 ||    20
    Use: Scroll            |       |     7 |     1 |    12 |     9 |    16 |     5 |     4 |    13 ||    67
         Potion            |       |     4 |     1 |     2 |     6 |     1 |     1 |       |     7 ||    22
   Stab: Invisible         |       |       |       |     1 |       |       |       |     1 |    25 ||    27
         Distracted        |       |       |       |       |       |     1 |       |     1 |       ||     2
 Armour: Scale mail        |    53 |    97 |    23 |       |       |       |       |       |       ||   173
         Skin              |       |     1 |       |       |       |       |       |       |       ||     1
         Plate armour      |       |       |   149 |   297 |   509 |       |       |       |       ||   955
         Gold dragon scale |       |       |       |       |   158 |   623 |   332 |   205 |   728 ||  2046
  Dodge: Dodged            |    45 |    73 |   164 |   317 |   599 |   633 |   491 |   270 |  1034 ||  3626
  Block: Buckler           |    21 |    47 |   103 |   247 |   294 |       |       |       |       ||   712
         Kite shield       |       |       |       |       |   415 |  1052 |   651 |   975 |  2235 ||  5328

Table legend: (Time is in decaauts)
 A = Elapsed time spent in this place.
 B = Non-inter-level travel time spent in this place.
 C = Inter-level travel time spent in this place.
 D = Time resting spent in this place.
 E = Time spent auto-exploring this place.
 F = Levels seen in this place.
 G = Mean time per level.
                   A        B        C        D        E       F      G
               +--------+--------+--------+--------+--------+-----+--------+
         Total | 163340 | 148097 |  15243 |  39315 |  86064 |  73 | 2237.5 |
       Dungeon |  25901 |  20998 |   4903 |   1629 |  16221 |  15 | 1726.7 |
        Temple |     23 |     10 |     13 |      0 |      3 |   1 |   23.0 |
          Lair |  13813 |  11747 |   2066 |   2506 |   7868 |   5 | 2762.6 |
         Swamp |   5306 |   5061 |    245 |    289 |   3823 |   4 | 1326.5 |
   Spider Nest |  11312 |  10551 |    761 |   3161 |   5440 |   4 | 2828.0 |
    Slime Pits |   8815 |   8575 |    240 |   2986 |   4330 |   5 | 1763.0 |
  Orcish Mines |   3980 |   3514 |    466 |   1534 |   1277 |   2 | 1990.0 |
   Elven Halls |  11058 |  10014 |   1044 |   2180 |   5960 |   3 | 3686.0 |
        Vaults |  16325 |  15054 |   1271 |   4599 |   8422 |   5 | 3265.0 |
         Crypt |  11246 |  10717 |    529 |   3722 |   5521 |   3 | 3748.7 |
        Depths |  19835 |  18365 |   1470 |   8135 |   8386 |   4 | 4958.8 |
          Hell |   4278 |   4160 |    118 |   2158 |   1338 |   1 | 4278.0 |
       Gehenna |   5784 |   4804 |    980 |   1479 |   2822 |   6 |  964.0 |
       Cocytus |  11515 |  10837 |    678 |   3583 |   5160 |   7 | 1645.0 |
           Zot |  10917 |  10466 |    451 |    554 |   8864 |   4 | 2729.2 |
        Bazaar |    193 |    193 |      0 |      0 |    145 |   1 |  193.0 |
         Sewer |    407 |    407 |      0 |    252 |     70 |   1 |  407.0 |
      Ice Cave |    638 |    638 |      0 |      0 |     22 |   1 |  638.0 |
    Desolation |   1984 |   1984 |      0 |    543 |    384 |   1 | 1984.0 |
               +--------+--------+--------+--------+--------+-----+--------+

Top non-repeatable levels by time:
Depths:3: 8640 daAuts
   Coc:7: 5885 daAuts
Depths:1: 4990 daAuts
 Crypt:2: 4852 daAuts
   Elf:3: 4799 daAuts
  Lair:2: 4604 daAuts
    Hell: 4278 daAuts
Vaults:2: 4225 daAuts
Vaults:4: 3595 daAuts
Spider:3: 3497 daAuts
   Elf:2: 3442 daAuts
 Crypt:3: 3362 daAuts
Depths:2: 3327 daAuts
   Zot:2: 3318 daAuts
    D:13: 3221 daAuts
